 Dungeon Crawl Stone Soup version 0.24-a0-280-g7cec4da (webtiles) character file.

Game seed: 12445428680199123899

44 MatthieuS the Grave Robber (level 3, -2/24 HPs)
             Began as a Human Necromancer on May 1, 2019.
             Slain by a worm (7 damage)
             ... on level 1 of the Dungeon.
             The game lasted 00:03:28 (1348 turns).

MatthieuS the Grave Robber (Human Necromancer)      Turns: 1348, Time: 00:03:28

Health: -2/24      AC:  3    Str:  8    XL:     3   Next: 87%
Magic:  0/7        EV: 12    Int: 16    God:
Gold:   73         SH:  0    Dex: 13    Spells: 2/7 levels left

rFire    . . .     SeeInvis .   a - +0 short sword
rCold    . . .     Gourm    .   (no shield)
rNeg     . . .     Faith    .   c - +0 leather armour
rPois    .         Spirit   .   (no helmet)
rElec    .         Reflect  .   (no cloak)
rCorr    .         Harm     .   (no gloves)
MR       .....                  (no boots)
Stlth    ++........             (no amulet)
HPRegen  0.08/turn              (no ring)
MPRegen  0.10/turn              (no ring)

@: no status effects
A: no striking features
a: no special abilities


You were on level 1 of the Dungeon.
You were not hungry.

You visited 1 branch of the dungeon, and saw 2 of its levels.

You collected 73 gold pieces.

Inventory:

Hand Weapons
 a - a +0 short sword (weapon)
   (You found it on level 1 of the Dungeon)
Armour
 b - a +0 robe
 c - a +0 leather armour (worn)
   (You found it on level 1 of the Dungeon)
 g - a +0 large shield
   (You found it on level 1 of the Dungeon)
Scrolls
 d - 3 scrolls of identify {unknown}
 i - a scroll of remove curse {unknown}
 k - a scroll of enchant weapon {unknown}
Potions
 f - a potion of cancellation {unknown}
 h - a potion of curing {unknown}
Comestibles
 e - a ration
 j - a chunk of flesh


   Skills:
 - Level 2.0 Dodging
 - Level 2.0 Stealth
 + Level 2.9 Spellcasting
 + Level 4.6 Necromancy


You had 2 spell levels left.
You knew the following spells:

 Your Spells              Type           Power        Failure   Level  Hunger
a - Pain                  Necr           ###.         4%          1    #......
q - Vampiric Draining     Necr           ###.......   12%         3    ###....
z - Animate Skeleton      Necr           N/A          4%          1    #......

Your spell library contained the following spells:

 Spells                   Type           Power        Failure   Level  Hunger
 Regeneration             Chrm/Necr      #.........   32%         3    ###....
 Animate Dead             Necr           N/A          38%         4    #####..


Dungeon Overview and Level Annotations

Branches:
Dungeon (2/15)

Altars:

Annotations:
D:2 Jessica


Message History

There is a stone staircase leading down here.
You start resting.
Eating one of 2 chunks of flesh.
You eat one of the 2 chunks of flesh.
You climb downwards.
Level annotation: Jessica The giant cockroach barely misses you.
The kobold hits you but does no damage.
There is a stone staircase leading up here.
The giant cockroach closely misses you. The kobold hits you but does no damage.
The worm barely misses you.
Jessica mumbles something strange.
The giant cockroach closely misses you.
You climb upwards.
There is a stone staircase leading down here.
The giant cockroach bites you.
You hit the giant cockroach but do no damage.
The giant cockroach misses you. The giant cockroach barely misses you.
You hit the giant cockroach but do no damage.
The giant cockroach barely misses you.
You hit the giant cockroach. The giant cockroach closely misses you.
You closely miss the giant cockroach.
The giant cockroach bites you but does no damage.
You hit the giant cockroach but do no damage.
The giant cockroach misses you.
The giant cockroach bites you but does no damage.
You hit the giant cockroach but do no damage.
The giant cockroach bites you but does no damage.
Aim: a giant cockroach (heavily wounded, clinging, chance to defeat MR: 87%)
The giant cockroach writhes in agony.
The giant cockroach closely misses you.
You hit the giant cockroach.
You kill the giant cockroach!
You barely miss the kobold. The kobold hits you but does no damage.
You hit the kobold but do no damage. The kobold hits you with a +0 dagger.
The kobold closely misses you.
You hit the kobold. The kobold hits you but does no damage.
You hit the kobold. The kobold hits you with a +0 dagger.
You closely miss the kobold. The kobold hits you but does no damage.
You hit the kobold.
You kill the kobold!
You hit the worm. The worm closely misses you.
You hit the worm.
Aim: a worm (lightly wounded, chance to defeat MR: 82%)
The worm writhes in agony.
The worm bites you!
* * * LOW HITPOINT WARNING * * *
Aim: a worm You feel life coursing into your body.
Aim: a worm (heavily wounded)
You feel life coursing into your body. The worm bites you.
* * * LOW HITPOINT WARNING * * *
You barely miss the worm. The worm bites you!
You die...

##### #...# #Z#Z#
#Z#Z##### #.#.....#
#Z#####.#######
#.#...........#
#.###.#.###########
###.#...#....).w@...#
...........>#######.###
###.#.....#.# #.....#
#.#.....#.# #.#.#.#
#.#.#.....# #.#.#.#
#.#.###.### #.#...#
#....Z..# #.##### #
###.##### #.# # #.# #.#


You could see a worm.

Vanquished Creatures
  2 dart slugs (D:1)
  A leopard gecko (D:1)
  A bat (D:1)
  5 giant cockroaches (D:1)
  6 goblins (D:1)
  4 hobgoblins (D:1)
  3 jackals (D:1)
  A kobold (D:1)
  A ball python (D:2)
  3 frilled lizards (D:1)
  3 rats (D:1)
30 creatures vanquished.

Vanquished Creatures (collateral kills)
  An ooze (D:1)
  A hobgoblin (D:1)
  A bat (D:1)
3 creatures vanquished.

Grand Total: 33 creatures vanquished

Notes
Turn   | Place    | Note
-------+----------+-------------------------------------------
     0 | D:1      | MatthieuS the Human Necromancer began the quest for the
                  | Orb.
     0 | D:1      | Reached XP level 1. HP: 13/13 MP: 3/3
   267 | D:1      | Reached XP level 2. HP: 18/19 MP: 3/5
   352 | D:1      | Reached XP level 3. HP: 7/24 MP: 1/6
   561 | D:1      | Learned a level 1 spell: Animate Skeleton
   587 | D:1      | Learned a level 3 spell: Vampiric Draining
  1223 | D:2      | Noticed Jessica
  1348 | D:1      | Slain by a worm

Levels and vault maps discovered:
D:1:      roderic_crossed_star, layout_basic
D:2:      layout_rooms, minmay_tromino_v2, uniq_jessica

Action                   || total
-------------------------++-------
Melee: Short sword       ||   101
 Cast: Pain              ||    24
       Animate Skeleton  ||     5
       Vampiric Draining ||     2
 Stab: Sleeping          ||     3
  Eat: Chunk             ||     2
Armor: Leather armour    ||    40
Dodge: Dodged            ||    87

Table legend:
 A = Non-vault XP
 B = Vault XP
 C = Vault XP percentage of total XP
 D = Non-vault monster count
 E = Vault monster count
 F = Vault count percentage of total count
                 A         B        C        D         E       F
            +---------+---------+-------+---------+---------+-------
      Total |      62 |       2 |   3.1 |      32 |       1 |   3.0
            +---------+---------+-------+---------+---------+-------
        D:1 |      61 |       2 |   3.2 |      31 |       1 |   3.1
        D:2 |       1 |       0 |   0.0 |       1 |       0 |   0.0
            +---------+---------+-------+---------+---------+-------
